 Dungeon Crawl Stone Soup version 0.29-a0-902-g0f71de6fce (webtiles) character file.

Game seed: 7036259293637813273

112 MirrMurr the Poker (level 4, -2/34 HPs)
             Began as a Demonspawn Gladiator on July 24, 2022.
             Was a Follower of Makhleb.
             Killed by divine providence
             ... invoked by an orc priest
              (14 damage)
             ... on level 4 of the Dungeon.
             The game lasted 00:06:07 (2477 turns).

MirrMurr the Poker (Demonspawn Gladiator)           Turns: 2477, Time: 00:06:08

Health: -2/34      AC:  8    Str: 16    XL:     4   Next: 63%
Magic:  4/4        EV: 10    Int: 10    God:    Makhleb [*.....]
Gold:   184        SH:  0    Dex: 14    Spells: 3/3 levels left

rFire   . . .      SeeInvis .   a - +1 trident
rCold   . . .      Faith    .   (no shield)
rNeg    . . .      Spirit   .   j - +0 scale mail
rPois   .          Reflect  .   c - +0 helmet
rElec   .          Harm     .   (no cloak)
rCorr   .          Rampage  .   (no gloves)
Will    .....                   (no boots)
Stlth   ..........              (no amulet)
HPRegen 0.11/turn               m - ring of wizardry
MPRegen 0.09/turn               (no ring)

@: no status effects
A: spiny 1, sharp scales 1
a: Renounce Religion


You were on level 4 of the Dungeon.
You worshipped Makhleb.
Makhleb was aware of your devotion.
You visited 1 branch of the dungeon, and saw 4 of its levels.

You collected 184 gold pieces.

Inventory:

Hand Weapons
 a - a +1 trident (weapon)
 b - a +0 sling
Missiles
 d - 2 throwing nets
 e - a javelin (quivered)
 h - 4 boomerangs
 i - 3 poisoned darts
 n - 42 stones
Armour
 c - a +0 helmet (worn)
 j - a +0 scale mail (worn)
 x - a +0 chain mail
Jewellery
 m - a ring of wizardry (left hand)
Wands
 v - a wand of paralysis (6)
Scrolls
 g - a scroll of immolation
 k - a scroll of summoning
Potions
 f - a potion of ambrosia
 l - 2 potions of haste {unknown}
 p - a potion of mutation {unknown}
 s - a potion of curing {unknown}


   Skills:
 + Level 2.7 Fighting
 * Level 3.8 Polearms
 + Level 2.5 Throwing
 + Level 3.2 Dodging


You had 3 spell levels left.
You didn't know any spells.
Your spell library contained the following spells:

 Spells                   Type           Power      Damage    Failure   Level
 Sandblast                Erth           0%         2d4       47%         1
 Passwall                 Tmut/Erth      0%         N/A       61%         2
 Stone Arrow              Conj/Erth      0%         3d7       83%         3


Dungeon Overview and Level Annotations

Branches:
Dungeon (4/15)
 Temple: D:4-7

Altars:
Makhleb


Innate Abilities, Weirdness & Mutations

You are partially covered in sharp spines.
You are partially covered in razor-sharp scales. (AC +1, Slay +1)


Message History

Search for what [Enter for "."]?
Unknown command.
Unknown command.
(D) Dungeon
Where to? (Enter - D:3 @ (x,y), ? - help)
There is a stone staircase leading down here.
You climb downwards.
Found a blue potion.
There is a stone staircase leading up here.
l - 2 blue potions (gained 1)
There is a stone staircase leading up here.
Okay, then.
An orc comes into view. It is wielding a +0 hand axe.
The orc shouts!
You shoot a sling bullet.
The sling bullet hits the orc but does no damage.
You hear a shout! x2
You shoot a sling bullet. The sling bullet hits the orc.
The orc is moderately wounded.
You hear a shout!
You shoot a sling bullet. The sling bullet hits the orc.
The orc is heavily wounded.
An orc priest comes into view. It is wielding a +0 mace.
You shoot a sling bullet. The sling bullet hits the orc.
The orc is severely wounded.
The orc priest mumbles some strange prayers to Beogh against you.
Beogh smites you! The orc closely misses you.
An orc priest comes into view.
It is wielding a +1 dagger of protection.
You hear a shout!
You shoot a sling bullet. The sling bullet hits the orc!
You kill the orc!
Makhleb accepts your kill.
You can now gain health from killing.
The orc priest mumbles some strange prayers to Beogh against you.
Beogh smites you!
The orc priest casts a cantrip, but nothing happens.
a - a +1 trident (weapon)
An orc comes into view. It is wielding a +0 war axe.
The orc priest calls down the wrath of Beogh upon you.
Beogh smites you!
You die...

#.# #.# #.# #.###
#.# # #.#.. #.#
#o### #.#.# #.#
.....# #.#.# #.#
.o.o..##.#.# #<#
......)#.#.#####.#
#...(...@........#
####...###########
#... #... #...
##.. ##. #.


You could see 2 orc priests and an orc (wandering).

Vanquished Creatures
  6 adders
  2 dart slugs
  An orc (D:4)
  6 ball pythons
  5 bats
  5 endoplasms
  3 giant cockroaches
  A goblin (D:1)
  3 hobgoblins
  5 jackals
  A quokka (D:1)
  2 frilled lizards
  4 kobolds
  8 rats
52 creatures vanquished.

Notes
Turn   | Place    | Note
-------+----------+-------------------------------------------
     0 | D:1      | MirrMurr the Demonspawn Gladiator began the quest for the
                  | Orb.
     0 | D:1      | Reached XP level 1. HP: 16/16 MP: 1/1
     6 | D:1      | Found a faded altar of an unknown god.
   164 | D:1      | Gained mutation: You are partially covered in sharp spines.
                  | [demonic ancestry]
   164 | D:1      | Reached XP level 2. HP: 22/22 MP: 2/2
   188 | D:1      | You fall into a shaft and drop 1 floor!
   729 | D:2      | Gained mutation: You are partially covered in razor-sharp
                  | scales. (AC +1, Slay +1) [demonic ancestry]
   729 | D:2      | Reached XP level 3. HP: 28/28 MP: 3/3
   842 | D:2      | Found a burning altar of Makhleb.
   887 | D:2      | Became a worshipper of Makhleb the Destroyer
  1138 | D:2      | Reached XP level 4. HP: 34/34 MP: 4/4
  2475 | D:4      | Reached * piety under Makhleb
  2477 | D:4      | Killed from afar by an orc priest

Illustrated notes

Levels and vault maps discovered:
D:1:      spicycebolla_green_bress_n_ham_2, layout_basic,
          hellmonk_ecumenical_altar_blasted, minmay_quantized
D:2:      layout_basic, serial_glass, glass_columns_b, glass_columns_a,
          basic_altar
D:3:      layout_basic, small_statue_intersection, kennysheep_generic_room_14
D:4:      layout_loops_ring, lemuel_crystal_altar, grunt_temple_overflow_open,
          uniq_duvessa

Skill      XL: |  1  2  3 |
---------------+----------+-----
Polearms       | 3 |  3.8
Throwing       | 2 |  2.5
Dodging        | 3 |  3.2
Fighting       | |  2.7

Action                   |  1- 3 |  4- 6 || total
-------------------------+-------+-------++-------
Melee: Trident           |    39 |     9 ||    48
       Punch             |     2 |       ||     2
 Fire: Sling             |    45 |    27 ||    72
Throw: Throwing net      |     3 |       ||     3
  Use: Scroll            |       |     8 ||     8
 Stab: Held in net/web   |     1 |       ||     1
Armor: Leather armour    |     4 |       ||     4
       Ring mail         |     9 |    10 ||    19
       Scale mail        |       |     4 ||     4
Dodge: Dodged            |    26 |     5 ||    31

Table legend: (Time is in decaauts)
 A = Elapsed time spent in this place.
 B = Non-inter-level travel time spent in this place.
 C = Inter-level travel time spent in this place.
 D = Time resting spent in this place.
 E = Time spent auto-exploring this place.
 F = Levels seen in this place.
 G = Mean time per level.
                   A        B        C        D        E       F      G
               +--------+--------+--------+--------+--------+-----+--------+
         Total |   2500 |   2399 |    101 |      0 |   1992 |   4 |  625.0 |
       Dungeon |   2500 |   2399 |    101 |      0 |   1992 |   4 |  625.0 |
               +--------+--------+--------+--------+--------+-----+--------+

Top non-repeatable levels by time:
     D:2: 918 daAuts
     D:3: 836 daAuts
     D:1: 717 daAuts
     D:4: 28 daAuts
